cohdb
Replays
Latest Replays
All Replays
Popular Replays
Top Player Replays
Match Explorer
How It Works
Community
CoH3 Stats
Reddit
Sign in to upload your games and track your stats! →
Sign in with Steam
vs Euan(Brit_186)
Match 19316291
Overview
Messages
Build Orders
End
Pioneer Squad
Selects Italian Coastal Battlegroup
Selects Coastal Reserves
Coastal Reserve
Coastal Reserve
Construct Infanterie Kompanie
MG 42 Machine Gun Team
MG 42 Machine Gun Team
Construct Luftwaffe Kompanie
221 Scout Car
Medical Station
Selects Artillery Officer
Artillery Officer
Support Elements
Wirbelwind Flakpanzer
Jäger Squad
Selects Designate Defensive Line
Pioneer Squad
Coastal Reserve
Designate Defensive Line
Jäger Squad
Wirbelwind Flakpanzer
Selects Rapid Fortifications
Selects Bulwark
Designate Defensive Line
Marder III M Tank Destroyer
SuperNoob
Euan
0
0
Comments
sign in to comment!
No comments posted yet!